[Event "Turkish Cup 2022"]
[Site "Sakarya"]
[Date "2022.03.25"]
[Round "1.3"]
[White "Ersoy, Emre"]
[Black "Gunduz, Umut Erdem"]
[Result "0-1"]
[ECO "C95"]
[WhiteElo "1516"]
[BlackElo "2258"]
[Annotator "NA"]
[PlyCount "74"]
[EventDate "2022.03.25"]
[EventType "swiss"]
[EventCountry "TUR"]
[SourceTitle "playchess.com"]
[Source "ChessBase"]
[SourceQuality "1"]
[TimeControl "5400+30"]

1. e4 e5 2. Nf3 Nc6 3. Bb5 a6 4. Ba4 Nf6 5. O-O Be7 6. Re1 b5 7. Bb3 O-O 8. c3 d6 9. h3 Nb8 10. d4 Nbd7 11. Nbd2 Bb7 12. Bc2 Re8 13. Nf1 Bf8 14. Ng3 g6 15. Bd2 Bg7 16. Qc1 Qe7 17. Bh6 Qf8 18. Bxg7 Qxg7 19. a4 c6 20. b4 d5 $16 21. dxe5 Nxe5 22. Qf4 Nxf3+ 23. Qxf3 Re5 24. exd5 Nxd5 25. Rxe5 Qxe5 26. Ne4 Re8 27. Nc5 Nxc3 28. Ra3 Ne2+ 29. Kh1 Qb2 30. Bd1 Nd4 31. Qc3 Qxf2 32. Nxb7 Re1+ 33. Kh2 Nf5 34. h4 Qg1+ 35. Kh3 Qh1+ 36. Kg4 Qxg2+ 37. Kf4 Re4# 0-1

[Event "Turkish Cup 2022"]
[Site "Sakarya"]
[Date "2022.03.25"]
[Round "1.4"]
[White "Isik, Alparslan"]
[Black "Bayramiclilar, Yusuf Ruzgar"]
[Result "1-0"]
[ECO "E01"]
[WhiteElo "2328"]
[BlackElo "1514"]
[Annotator "NA"]
[PlyCount "89"]
[EventDate "2022.03.25"]
[EventType "swiss"]
[EventCountry "TUR"]
[SourceTitle "playchess.com"]
[Source "ChessBase"]
[SourceQuality "1"]
[TimeControl "5400+30"]

1. Nf3 d5 2. g3 c5 3. Bg2 Nc6 4. d4 cxd4 5. Nxd4 e6 6. c4 Qb6 7. Nxc6 bxc6 8. O-O Nf6 9. Nc3 Be7 10. cxd5 cxd5 11. e4 dxe4 12. Nxe4 Nd5 13. Nc3 O-O 14. Nxd5 exd5 15. Be3 Qg6 16. Bxd5 Rb8 17. b3 Rd8 18. Qf3 Bh3 19. Rfd1 Bf6 {[%emt 0:00:30] [#]} 20. Be4 $1 ({Of course not} 20. Bxa7 $6 Bg4 21. Qf4 Bxd1 22. Rxd1 Rb7 $11) 20... Bg4 {[%emt 0:01:30] [#]} 21. Qf4 $1 Bxd1 22. Bxg6 Bxa1 (22... hxg6 $142 23. Rc1 (23. Bxa7 Ra8 $16) 23... Rb5) 23. Qxf7+ ({Don't take} 23. Bxf7+ Kh8 24. Bxa7 Rbc8) 23... Kh8 24. Be4 Bg4 25. Kg2 Bd4 26. Bxd4 Rxd4 {[%emt 0:01:30] [#]} 27. Qxa7 $1 Rbd8 $18 28. Bf3 (28. Qe7 $142) 28... Bxf3+ 29. Kxf3 Rd2 30. Kg2 h6 31. a4 Rb2 32. Qb6 Rd3 33. b4 Rdb3 34. b5 Ra3 35. Qd8+ Kh7 36. Qd4 Rab3 37. a5 Rxb5 38. a6 Ra5 39. Qxb2 Rxa6 40. Qc2+ Rg6 41. Qf5 h5 42. Qxh5+ Rh6 43. Qf5+ g6 44. Qf7+ Kh8 45. h4 1-0

[Event "Turkish Cup 2022"]
[Site "Sakarya"]
[Date "2022.03.25"]
[Round "1.6"]
[White "Samani, Yamac"]
[Black "Gani, Refik Efe"]
[Result "1-0"]
[ECO "A00"]
[WhiteElo "2257"]
[BlackElo "1370"]
[Annotator "NA"]
[PlyCount "59"]
[EventDate "2022.03.25"]
[EventType "swiss"]
[EventCountry "TUR"]
[SourceTitle "playchess.com"]
[Source "ChessBase"]
[SourceQuality "1"]
[TimeControl "5400+30"]

1. Nc3 d5 2. e4 d4 3. Nce2 e5 4. Nf3 Nc6 5. Ng3 Nf6 6. Bb5 Bd6 7. Bxc6+ bxc6 8. d3 Be6 9. O-O h6 10. Qe2 O-O 11. Nh4 Re8 12. Nhf5 Bxf5 13. Nxf5 Kh7 14. Kh1 Bf8 15. f4 g6 (15... Nd7 $14) 16. Ng3 Rb8 17. Qf3 Bg7 18. b3 Nd7 19. f5 Qe7 20. a4 g5 $18 (20... Nf6 $16) 21. f6 Nxf6 22. Nf5 Qe6 23. Bd2 Ng8 24. h4 f6 25. Qh5 Ne7 26. hxg5 fxg5 27. Bxg5 Qg6 28. Nxg7 Kxg7 29. Bxh6+ Kh7 30. Rf7+ 1-0

[Event "Turkish Cup 2022"]
[Site "Sakarya"]
[Date "2022.03.25"]
[Round "1.7"]
[White "Kalender, Yigit"]
[Black "Huseyinoglu, Alihan"]
[Result "0-1"]
[ECO "A35"]
[WhiteElo "1384"]
[BlackElo "2312"]
[Annotator "NA"]
[PlyCount "132"]
[EventDate "2022.03.25"]
[EventType "swiss"]
[EventCountry "TUR"]
[SourceTitle "playchess.com"]
[Source "ChessBase"]
[SourceQuality "1"]
[TimeControl "5400+30"]

1. d4 g6 2. c4 Bg7 3. Nc3 c5 4. Nf3 cxd4 5. Nxd4 Nc6 6. e3 Nf6 7. Be2 O-O 8. O-O Nxd4 9. exd4 d5 10. Bf4 dxc4 11. Bxc4 b6 12. Qa4 a6 13. Rfd1 Bb7 14. Bf1 Nd5 15. Nxd5 Qxd5 16. Qb4 $11 Qe4 17. Be3 b5 18. a4 bxa4 19. Rxa4 Rab8 20. Qa3 Bd5 21. Rxa6 Rb3 22. Qc5 Rxb2 23. Rb6 Rc2 24. Qb4 h5 25. Rb8 Rxb8 26. Qxb8+ Kh7 27. Qf4 Qxf4 28. Bxf4 Bb3 29. Rb1 Ba2 30. Rd1 Rb2 31. Be3 Bf6 32. h3 h4 33. Kh1 Kg7 34. Kg1 e6 35. Bd3 Bd5 36. Bf1 Ra2 37. Rc1 Ra4 38. Rd1 Bb3 39. Rb1 Bc2 40. Rb2 Be4 41. Rd2 Ra1 42. f3 Bd5 43. Kf2 Be7 44. Bd3 Bd6 45. Ke2 Bg3 46. Bf2 Kf6 47. Bxg3 hxg3 48. Ke3 g5 49. Be4 Bc4 50. Bd3 Ra3 51. Ke2 Bd5 52. Be4 Bc4+ 53. Bd3 Bb3 54. Bc2 Ba2 55. Be4 Ke7 56. d5 Bc4+ 57. Kd1 Ra1+ 58. Kc2 exd5 59. Bf5 Ra2+ 60. Kc3 Rxd2 61. Kxd2 Bf1 62. Ke3 Kf6 63. Bg4 Ke5 64. Kd2 Bxg2 65. Ke3 d4+ 66. Ke2 Kf4 0-1

[Event "Turkish Cup 2022"]
[Site "Sakarya"]
[Date "2022.03.25"]
[Round "1.8"]
[White "Eren, Ataberk"]
[Black "Togrul, Ayberk"]
[Result "1-0"]
[ECO "A24"]
[WhiteElo "2306"]
[BlackElo "1526"]
[Annotator "NA"]
[PlyCount "98"]
[EventDate "2022.03.25"]
[EventType "swiss"]
[EventCountry "TUR"]
[SourceTitle "playchess.com"]
[Source "ChessBase"]
[SourceQuality "1"]
[TimeControl "5400+30"]

1. Nf3 Nf6 2. g3 d6 3. Bg2 g6 4. O-O Bg7 5. c4 O-O 6. Nc3 Nbd7 7. d3 e5 8. Rb1 Rb8 9. b4 b6 10. Ne1 Bb7 11. a4 e4 12. dxe4 Re8 13. f3 Ne5 14. Qb3 Nc6 15. Nc2 Nd7 16. Be3 a5 17. b5 Ne7 18. Rbd1 Nf8 19. c5 bxc5 {[%emt 0:04:30] [#]} 20. Bxc5 $1 Qc8 21. Ba7 Ra8 22. Bf2 Rd8 23. Ne3 c6 24. Nc4 Qe6 25. Rc1 (25. f4 $18 Bxc3 26. Qxc3 cxb5 27. axb5) 25... Nd7 (25... d5 $16) 26. Nd2 Qxb3 27. Nxb3 c5 28. Rfd1 Nb6 29. Be1 Bxc3 (29... Kf8 $16 30. Bh3 Be5) 30. Bxc3 ({Don't do} 30. Rxc3 $6 c4 $18) 30... Nxa4 31. Bxa5 Rd7 32. Bh3 f5 33. Bd2 Nb2 34. Rf1 Rc7 (34... Bc8 $142 35. Bf4 Rd8) 35. Bf4 Rd7 36. Rc2 Na4 37. Rd1 c4 38. Nd4 d5 $18 39. exf5 gxf5 40. Nxf5 Nxf5 41. Bxf5 Re7 42. Bd6 Ree8 43. Bd7 Re3 44. Kf2 Nb6 45. Kxe3 Nxd7 46. Kf2 Kf7 47. Bf4 Ke6 48. e4 dxe4 49. Rxc4 Ra2+ 1-0

[Event "Turkish Cup 2022"]
[Site "Sakarya"]
[Date "2022.03.25"]
[Round "1.9"]
[White "Ocakoglu, Orhan Kemal"]
[Black "Ozsakallioglu, Okan"]
[Result "0-1"]
[ECO "A45"]
[WhiteElo "1482"]
[BlackElo "2270"]
[Annotator "NA"]
[PlyCount "114"]
[EventDate "2022.03.25"]
[EventType "swiss"]
[EventCountry "TUR"]
[SourceTitle "playchess.com"]
[Source "ChessBase"]
[SourceQuality "1"]
[TimeControl "5400+30"]

1. d4 Nf6 2. Bf4 g6 3. Nc3 d5 4. e3 Bg7 5. Nb5 Na6 6. h3 c6 7. Nc3 Nc7 8. Nf3 O-O 9. Bd3 Ne6 10. Be5 c5 11. dxc5 Nxc5 12. O-O a6 13. Ne2 b6 14. Ned4 Bb7 15. c3 $15 Re8 16. a4 Rc8 17. Qe2 e6 18. Rfd1 Bf8 19. Bc2 Nfd7 20. Bg3 Bg7 21. Nd2 e5 22. N4b3 Ne6 23. Bd3 Ndc5 24. Bc2 f5 25. Nxc5 bxc5 26. a5 Qf6 27. Nf3 e4 28. Nd2 d4 29. cxd4 cxd4 30. Bb3 d3 31. Qe1 Kh8 32. Nc4 Nc5 33. Qb4 Nxb3 34. Be5 Rxc4 35. Qxb3 Qf7 36. Rac1 Bd5 37. Bxg7+ Kxg7 38. Rxc4 Bxc4 39. Qb6 Kg8 40. Rc1 d2 41. Rd1 Qd5 42. Qd4 Qxd4 43. exd4 Rd8 44. Rxd2 Bd3 45. f3 Rxd4 46. fxe4 fxe4 47. Kf2 Ra4 48. Ke3 Rxa5 49. g4 Ra1 50. Kf4 Rf1+ 51. Kg5 Kg7 52. Kh4 e3 53. Rxd3 e2 54. Kg5 h6+ 55. Kh4 e1=Q+ 56. Rg3 g5+ 57. Kh5 Qe8# 0-1

[Event "Turkish Cup 2022"]
[Site "Sakarya"]
[Date "2022.03.25"]
[Round "1.11"]
[White "Gulbay, Omer Deniz"]
[Black "Yaran, Siar"]
[Result "0-1"]
[ECO "C54"]
[WhiteElo "1499"]
[BlackElo "2272"]
[Annotator "NA"]
[PlyCount "52"]
[EventDate "2022.03.25"]
[EventType "swiss"]
[EventCountry "TUR"]
[SourceTitle "playchess.com"]
[Source "ChessBase"]
[SourceQuality "1"]
[TimeControl "5400+30"]

1. e4 e5 2. Nf3 Nc6 3. Bc4 Bc5 4. c3 Nf6 5. O-O Nxe4 6. d4 d5 7. Bb3 exd4 8. cxd4 Be7 9. Nc3 Nxc3 10. bxc3 O-O 11. Qd3 Be6 12. Rb1 g6 13. Bh6 Re8 $1 14. Ba4 Bf5 15. Qd2 Bxb1 16. Rxb1 Rb8 $19 17. Qf4 Bd6 18. Ne5 Bxe5 19. dxe5 Rxe5 20. h3 Re4 21. Qf3 Rxa4 22. Rd1 Qh4 23. Be3 Qe4 24. Qf6 Qf5 25. Qg7+ Kxg7 26. Bh6+ Kxh6 0-1

[Event "Turkish Cup 2022"]
[Site "Sakarya"]
[Date "2022.03.25"]
[Round "1.12"]
[White "Danaci, Ege"]
[Black "Altin, Halis"]
[Result "1-0"]
[ECO "D35"]
[WhiteElo "2264"]
[BlackElo "1536"]
[Annotator "ChessBase"]
[PlyCount "39"]
[EventDate "2022.03.25"]
[EventType "swiss"]
[EventCountry "TUR"]
[SourceTitle "playchess.com"]
[Source "ChessBase"]
[SourceQuality "1"]
[TimeControl "5400+30"]

1. c4 Nf6 2. Nc3 e6 3. g3 d5 4. cxd5 exd5 5. d4 c6 6. Nf3 Bd6 7. Bg2 O-O 8. O-O Bg4 9. Ne5 Re8 10. Nxg4 Nxg4 11. e4 Nh6 12. Bxh6 gxh6 13. exd5 c5 14. dxc5 Bxc5 15. Ne4 Bb6 16. Qg4+ Kh8 17. Rae1 Re5 18. Qf4 Qe7 19. d6 Qe6 20. Nc5 1-0

[Event "Turkish Cup 2022"]
[Site "Sakarya"]
[Date "2022.03.25"]
[Round "1.13"]
[White "Kurtyilmaz, Kuzey"]
[Black "Kirilmaz, Emre"]
[Result "0-1"]
[ECO "B19"]
[WhiteElo "1394"]
[BlackElo "2229"]
[Annotator "ChessBase"]
[PlyCount "47"]
[EventDate "2022.03.25"]
[EventType "swiss"]
[EventCountry "TUR"]
[SourceTitle "playchess.com"]
[Source "ChessBase"]
[SourceQuality "1"]
[TimeControl "5400+30"]

1. e4 c6 2. d4 d5 3. Nc3 dxe4 4. Nxe4 Bf5 5. Ng3 Bg6 6. h4 h6 7. Nf3 Nd7 8. h5 Bh7 9. Bd3 Bxd3 10. Qxd3 Ngf6 11. Bd2 e6 12. Ne4 Be7 13. O-O-O Qb6 14. Nxf6+ Bxf6 15. Rhe1 a5 16. Bf4 O-O 17. g4 Qa6 18. Qe3 Nb6 19. g5 Nc4 20. Qd3 hxg5 21. Nxg5 Bxg5 22. Bxg5 Qb5 23. Rd2 Qxb2+ 24. Kd1 0-1

[Event "Turkish Cup 2022"]
[Site "Sakarya"]
[Date "2022.03.25"]
[Round "1.14"]
[White "Kilic, Efe Mert"]
[Black "Ari, Ahmet"]
[Result "1-0"]
[ECO "A01"]
[WhiteElo "2220"]
[BlackElo "1491"]
[Annotator "NA"]
[PlyCount "107"]
[EventDate "2022.03.25"]
[EventType "swiss"]
[EventCountry "TUR"]
[SourceTitle "playchess.com"]
[Source "ChessBase"]
[SourceQuality "1"]
[TimeControl "5400+30"]

1. b3 e5 2. Bb2 Nc6 3. e3 d5 4. Bb5 Bd6 5. Nf3 Qe7 6. d4 e4 7. Ne5 Bd7 8. Nxd7 Qxd7 9. c4 Nf6 10. a3 a6 11. Ba4 O-O 12. Nc3 Qe6 13. b4 Na7 ({Don't do} 13... dxc4 14. d5 Nxd5 15. Qxd5 $16) 14. cxd5 Nxd5 15. Nxd5 Qxd5 16. O-O Qg5 17. f4 exf3 18. Qxf3 Nc6 19. Bxc6 (19. e4 $142) 19... bxc6 20. e4 f6 21. Bc1 $11 (21. Qc3 $16) 21... Qb5 22. Bd2 Qc4 23. Qc3 Qe2 24. Rae1 Qh5 25. g3 Qh3 26. Bf4 Qd7 27. e5 fxe5 28. dxe5 Be7 29. Qc4+ Qd5 30. Rc1 Qxc4 31. Rxc4 a5 32. Rxc6 axb4 33. axb4 Bxb4 34. Rxc7 Ra2 35. h4 h6 36. h5 Ba5 37. Rb7 Bc3 38. Rd1 Ra1 39. Rxa1 Bxa1 40. Kg2 Rf5 41. e6 Rf8 42. Kf3 Re8 43. Rb8 Rxb8 44. Bxb8 Kf8 45. Bd6+ Ke8 46. Ke4 Bc3 47. Kf5 Bd4 48. Be5 Bf2 49. Bxg7 Bxg3 50. Bxh6 Ke7 51. Bg7 Bf4 52. h6 Bxh6 53. Bxh6 Ke8 54. Kf6 1-0

[Event "Turkish Cup 2022"]
[Site "Sakarya"]
[Date "2022.03.25"]
[Round "1.16"]
[White "Yazici, Ugur Doga"]
[Black "Kamisli, Yigit"]
[Result "1-0"]
[ECO "C48"]
[WhiteElo "2195"]
[BlackElo "1427"]
[Annotator "NA"]
[PlyCount "99"]
[EventDate "2022.03.25"]
[EventType "swiss"]
[EventCountry "TUR"]
[SourceTitle "playchess.com"]
[Source "ChessBase"]
[SourceQuality "1"]
[TimeControl "5400+30"]

1. e4 e5 2. Nf3 Nc6 3. Nc3 Nf6 4. Bb5 Nd4 5. Bc4 Nxf3+ 6. Qxf3 Be7 7. d3 d6 8. h3 h6 9. Qg3 Nh5 10. Qf3 Nf6 11. Be3 O-O 12. O-O-O Be6 13. Qe2 Qd7 14. d4 Bxc4 15. Qxc4 Qc6 16. Qxc6 bxc6 17. dxe5 dxe5 18. f3 Ne8 19. Na4 Nd6 20. Nc5 Bg5 21. Bxg5 hxg5 22. h4 $16 (22. Na6 $18) 22... gxh4 23. Rxh4 f6 24. Ne6 Rfc8 25. Nxc7 Rxc7 26. Rxd6 Kf7 27. Rh1 Ke7 28. Rd3 Rd8 29. Rxd8 Kxd8 30. Kd2 Rd7+ 31. Ke2 Kc7 32. Rd1 Rxd1 33. Kxd1 Kd6 34. b4 a6 35. Kd2 c5 36. a3 Kc6 37. c4 Kb6 38. g3 g5 39. Kc3 Kc6 40. Kb3 Kb6 41. Ka4 cxb4 42. axb4 Kc6 43. Ka5 Kb7 44. b5 axb5 45. Kxb5 Kc7 46. Kc5 Kd7 47. Kb6 Kc8 48. Kc6 Kd8 49. Kd6 Ke8 50. Ke6 1-0

[Event "Turkish Cup 2022"]
[Site "Sakarya"]
[Date "2022.03.25"]
[Round "1.17"]
[White "Karabas, Mahsum"]
[Black "Ozdemir, Serhan Berat"]
[Result "0-1"]
[ECO "B40"]
[WhiteElo "1412"]
[BlackElo "2185"]
[Annotator "ChessBase"]
[PlyCount "42"]
[EventDate "2022.03.25"]
[EventType "swiss"]
[EventCountry "TUR"]
[SourceTitle "playchess.com"]
[Source "ChessBase"]
[SourceQuality "1"]
[TimeControl "5400+30"]

1. e4 c5 2. Nf3 e6 3. c3 Nf6 4. Qc2 Nc6 5. Bb5 Qc7 6. Bxc6 Qxc6 7. e5 Nd5 8. O-O b6 9. d4 Bb7 10. dxc5 bxc5 11. c4 Ne7 12. b3 Nf5 13. Bb2 g5 14. Nbd2 g4 15. Ne1 h5 16. Qd3 Bh6 17. f3 Be3+ 18. Kh1 h4 19. h3 Ng3+ 20. Kh2 Bxd2 21. Rg1 Bf4 0-1

[Event "Turkish Cup 2022"]
[Site "Sakarya"]
[Date "2022.03.25"]
[Round "1.19"]
[White "Sari, Engin"]
[Black "Bacak, Muhammed Kaan"]
[Result "0-1"]
[ECO "B08"]
[WhiteElo "1455"]
[BlackElo "2155"]
[Annotator "NA"]
[PlyCount "116"]
[EventDate "2022.03.25"]
[EventType "swiss"]
[EventCountry "TUR"]
[SourceTitle "playchess.com"]
[Source "ChessBase"]
[SourceQuality "1"]
[TimeControl "5400+30"]

1. e4 d6 2. d4 g6 3. Nc3 Bg7 4. Nf3 Nf6 5. Bg5 c6 6. Be2 Qc7 7. O-O Nbd7 8. Re1 h6 9. Be3 b5 10. a3 O-O 11. Qd2 Kh7 12. h3 Bb7 13. Rad1 a5 14. b4 axb4 15. axb4 Ra3 16. Bd3 Nb6 17. Bf4 Nh5 18. Bh2 e5 19. dxe5 dxe5 20. Bxb5 Bc8 21. Bf1 Be6 22. b5 Nf4 23. Re3 Qc8 24. Nb1 Ra7 25. bxc6 Qxc6 26. Qc3 Rc8 27. Qxc6 Rxc6 28. c3 Ra1 29. Ree1 Rc5 30. Bxf4 exf4 31. Nd4 Na4 32. Nxe6 fxe6 33. c4 g5 34. Nd2 Rxd1 35. Rxd1 Nc3 36. Rc1 Rc7 37. f3 Bd4+ 38. Kh2 Kg6 39. Nb1 Na4 40. Na3 Bc5 41. Nb5 Rd7 42. Be2 Rd2 43. Bd1 Nb2 44. Bb3 Kf6 45. Rb1 Ke5 46. Kh1 h5 47. Kh2 Bf2 48. Kh1 g4 49. hxg4 hxg4 50. fxg4 Kf6 51. Nc7 Rd7 52. e5+ Kxe5 53. g3 f3 54. Bc2 Rd8 55. Bg6 Nxc4 56. Rf1 Rd2 57. Bh5 Ne3 58. Rc1 Bxg3 0-1

[Event "Turkish Cup 2022"]
[Site "Sakarya"]
[Date "2022.03.25"]
[Round "1.20"]
[White "Ererdem, Gani Eren"]
[Black "Gur, Gurbuz"]
[Result "1-0"]
[ECO "D06"]
[WhiteElo "2134"]
[BlackElo "1386"]
[Annotator "NA"]
[PlyCount "51"]
[EventDate "2022.03.25"]
[EventType "swiss"]
[EventCountry "TUR"]
[SourceTitle "playchess.com"]
[Source "ChessBase"]
[SourceQuality "1"]
[TimeControl "5400+30"]

1. d4 Nf6 2. Nf3 c5 3. c4 cxd4 4. Nxd4 d5 5. cxd5 Nxd5 6. e4 Nf6 7. Bb5+ Bd7 8. Bxd7+ Qxd7 9. e5 Nd5 10. e6 fxe6 11. O-O Nc6 12. Nc3 g6 13. Ne4 Nf6 14. Nxc6 Qxc6 15. Ng5 h6 16. Nf3 Rd8 17. Qe2 Qe4 18. Qb5+ Qc6 19. Qb3 Nd7 20. Nd4 Qb6 21. Nxe6 Rc8 22. Qh3 Rc6 $18 23. Be3 Qa6 24. Bd4 Nf6 25. Rfe1 Qc4 26. b3 1-0

[Event "Turkish Cup 2022"]
[Site "Sakarya"]
[Date "2022.03.25"]
[Round "1.21"]
[White "Akinci, Ahmet"]
[Black "Guven, Oguz Kagan"]
[Result "0-1"]
[ECO "A65"]
[WhiteElo "1379"]
[BlackElo "2157"]
[Annotator "NA"]
[PlyCount "62"]
[EventDate "2022.03.25"]
[EventType "swiss"]
[EventCountry "TUR"]
[SourceTitle "playchess.com"]
[Source "ChessBase"]
[SourceQuality "1"]
[TimeControl "5400+30"]

1. d4 Nf6 2. c4 c5 3. d5 e6 4. Nc3 exd5 5. cxd5 d6 6. e4 g6 7. Bg5 Bg7 8. h3 O-O 9. Qd2 Re8 10. Bd3 a6 11. a4 Nbd7 12. Nge2 Qc7 13. O-O Rb8 14. b3 Ne5 15. Bc4 Nxc4 16. bxc4 Nxe4 17. Qc1 Nxg5 18. Qxg5 Qe7 19. Qd2 Qh4 20. f4 Bf5 21. Rf3 Re7 22. g4 Rbe8 23. Rc1 Be4 24. Re3 f5 25. g5 h6 26. Rg3 $19 (26. gxh6 Bxh6 27. Rf1) 26... hxg5 27. Rxg5 Qxh3 28. Rxg6 Qh1+ 29. Kf2 Qh2+ 30. Kf1 Bf3 31. Ng1 Qxd2 0-1

[Event "Turkish Cup 2022"]
[Site "Sakarya"]
[Date "2022.03.25"]
[Round "1.22"]
[White "Kul, Ozdemir Efe"]
[Black "Pazarcioglu, Ilker"]
[Result "1-0"]
[ECO "A36"]
[WhiteElo "2042"]
[BlackElo "1415"]
[Annotator "NA"]
[PlyCount "83"]
[EventDate "2022.03.25"]
[EventType "swiss"]
[EventCountry "TUR"]
[SourceTitle "playchess.com"]
[Source "ChessBase"]
[SourceQuality "1"]
[TimeControl "5400+30"]

1. g3 Nf6 2. Bg2 g6 3. c4 Bg7 4. Nc3 O-O 5. e4 d6 6. Nge2 c5 7. O-O Nc6 8. h3 a6 9. d3 Rb8 10. Be3 Bd7 11. Qd2 Ne8 12. Kh2 b5 13. cxb5 axb5 14. d4 b4 15. Nd1 cxd4 16. Nxd4 Nc7 17. Rc1 Nxd4 18. Bxd4 Bxd4 19. Qxd4 Ne6 20. Qd2 Bb5 21. Rh1 Nc5 22. Ne3 Bc6 23. Rc4 Qb6 24. Nd5 Bxd5 25. exd5 Rb7 26. Re1 Ra8 27. Qh6 Nd7 28. Rxe7 Nf8 29. Rc6 Qxc6 30. dxc6 Rxe7 31. Qd2 Rxa2 32. Qxd6 Raa7 33. Qxb4 Ne6 34. Qb8+ Kg7 35. b4 Ra2 36. b5 Nc7 37. Qd8 Ree2 38. Qxc7 Rxf2 39. Qe5+ Kg8 40. Qd5 Kf8 41. c7 Rac2 42. b6 1-0

[Event "Turkish Cup 2022"]
[Site "Sakarya"]
[Date "2022.03.25"]
[Round "1.23"]
[White "Karaseki, Ibrahim Erol"]
[Black "Tarhan, Adar"]
[Result "0-1"]
[ECO "D11"]
[WhiteElo "1412"]
[BlackElo "2125"]
[Annotator "NA"]
[PlyCount "64"]
[EventDate "2022.03.25"]
[EventType "swiss"]
[EventCountry "TUR"]
[SourceTitle "playchess.com"]
[Source "ChessBase"]
[SourceQuality "1"]
[TimeControl "5400+30"]

1. d4 d5 2. Nf3 Nf6 3. g3 c6 4. Bg2 Bf5 5. O-O e6 6. c4 Be7 7. Nc3 Nbd7 8. Ne5 O-O 9. Bf4 h6 10. cxd5 exd5 11. h3 g5 12. g4 gxf4 13. gxf5 Bd6 14. Nxd7 Qxd7 15. Qd3 Kh8 16. e4 dxe4 17. Nxe4 Qxf5 18. Rad1 Nxe4 19. Qxe4 Qf6 20. b3 Rg8 21. Kh1 Rae8 22. Qf3 Rg5 23. Rg1 $17 Reg8 24. Rd2 Rd5 25. Qd3 f3 26. Bxf3 Rdg5 27. Rxg5 Qxg5 28. Bg4 h5 29. f4 Bxf4 30. Rg2 hxg4 31. Rxg4 Qd5+ 32. Kg1 Be5 0-1

[Event "Turkish Cup 2022"]
[Site "Sakarya"]
[Date "2022.03.25"]
[Round "1.24"]
[White "Isilak, Enes"]
[Black "Pehlivan, Mete"]
[Result "1-0"]
[ECO "E69"]
[WhiteElo "2125"]
[BlackElo "1317"]
[Annotator "NA"]
[PlyCount "103"]
[EventDate "2022.03.25"]
[EventType "swiss"]
[EventCountry "TUR"]
[SourceTitle "playchess.com"]
[Source "ChessBase"]
[SourceQuality "1"]
[TimeControl "5400+30"]

1. d4 Nf6 2. c4 g6 3. g3 Bg7 4. Bg2 O-O 5. Nc3 c6 6. e4 d6 7. Nf3 a6 8. O-O Nbd7 9. h3 e5 10. Be3 exd4 11. Nxd4 Ne5 12. b3 c5 13. Nde2 Re8 14. f4 Nc6 15. Qd2 Qa5 16. Rac1 Rd8 17. Kh2 b5 18. Qe1 Bb7 19. e5 dxe5 20. fxe5 Nxe5 21. Bxb7 Nd3 22. Qd2 Rab8 23. Nd5 Qxd2 24. Bxd2 Nxc1 25. Bxc1 Rxb7 26. Nxf6+ Bxf6 27. Rxf6 Rd1 28. Kg2 bxc4 29. Rxa6 cxb3 30. Bh6 Rd8 31. axb3 Rxb3 32. Rc6 Rb2 33. Kf3 Re8 34. Nf4 Rb3+ 35. Kg4 Rc3 36. Rc7 Rd8 37. Bg5 h5+ 38. Kh4 Rd6 39. Be7 Ra6 40. Nd5 Rd3 41. Bf6 Kh7 42. Rc8 Rxf6 43. Nxf6+ Kh6 44. Ng8+ Kg7 45. Ne7 Re3 46. Nd5 Rd3 47. Ne7 Re3 48. Re8 Re5 49. g4 hxg4 50. hxg4 Kh7 51. g5 c4 52. Kg4 1-0

[Event "Turkish Cup 2022"]
[Site "Sakarya"]
[Date "2022.03.25"]
[Round "1.25"]
[White "Incecinar, Abdullah Mete"]
[Black "Caputcuoglu, Zeki Berke"]
[Result "0-1"]
[ECO "C88"]
[WhiteElo "1248"]
[BlackElo "2095"]
[Annotator "NA"]
[PlyCount "66"]
[EventDate "2022.03.25"]
[EventType "swiss"]
[EventCountry "TUR"]
[SourceTitle "playchess.com"]
[Source "ChessBase"]
[SourceQuality "1"]
[TimeControl "5400+30"]

1. e4 e5 2. Nf3 Nc6 3. Bb5 a6 4. Ba4 Nf6 5. O-O Be7 6. Re1 b5 7. Bb3 O-O 8. a4 b4 9. d4 d6 10. d5 Na5 11. Ba2 Rb8 12. Bd2 Bg4 13. h3 Bh5 14. b3 c6 15. dxc6 $19 Nxc6 16. c3 Bg6 17. cxb4 Nxe4 18. Nc3 Nxd2 19. Qxd2 Nxb4 20. Bb1 Qb6 21. Bxg6 hxg6 22. Rab1 Qb7 23. Rbd1 Rfc8 24. Rc1 Rc5 25. Ne2 e4 26. Rxc5 dxc5 27. Ne5 Rd8 28. Qc1 Nd3 29. Nxd3 exd3 30. Qe3 dxe2 31. Qxe2 Bf6 32. Qc2 Qb4 33. Rc1 Rd2 0-1

[Event "Turkish Cup 2022"]
[Site "Sakarya"]
[Date "2022.03.25"]
[Round "1.26"]
[White "Gulden, Egemen"]
[Black "Toklu, Ahmet Kayra"]
[Result "1-0"]
[ECO "C67"]
[WhiteElo "2094"]
[BlackElo "1131"]
[Annotator "NA"]
[PlyCount "105"]
[EventDate "2022.03.25"]
[EventType "swiss"]
[EventCountry "TUR"]
[SourceTitle "playchess.com"]
[Source "ChessBase"]
[SourceQuality "1"]
[TimeControl "5400+30"]

1. e4 e5 2. Nf3 Nc6 3. Bb5 Nf6 4. O-O Nxe4 5. Qe2 Nd6 6. Bxc6 bxc6 7. Qxe5+ Qe7 8. Qf4 Qd8 9. Re1+ Be7 10. Qe5 f6 11. Qe2 c5 12. d3 Bb7 13. Be3 Bxf3 14. Qxf3 c4 15. Qg4 O-O 16. dxc4 f5 17. Qf3 Kh8 18. Nd2 Bf6 $18 19. c3 Rb8 20. Rab1 Bg5 21. c5 f4 22. Bd4 Nf5 23. Qd5 c6 24. Qe4 Nxd4 25. Qxd4 Bf6 26. Qc4 d5 27. cxd6 Qxd6 28. Nf3 g5 29. h3 h5 30. Rbd1 Qc7 31. Qc5 Rg8 32. Qf5 Qg7 33. Re6 Rbf8 34. Rdd6 g4 35. Rxf6 Rxf6 36. Rxf6 gxf3 37. Qxh5+ Qh7 38. Rh6 Rxg2+ 39. Kh1 Qxh6 40. Qxh6+ Kg8 41. Qxf4 Rxf2 42. Qg3+ Kh7 43. Qxf2 c5 44. Qxf3 c4 45. Qg4 a5 46. b3 cxb3 47. axb3 a4 48. bxa4 Kh6 49. a5 Kh7 50. a6 Kh6 51. a7 Kh7 52. a8=Q Kh6 53. Qh8# 1-0

[Event "Turkish Cup 2022"]
[Site "Sakarya"]
[Date "2022.03.25"]
[Round "1.28"]
[White "Korkmaz, Necmettin"]
[Black "Cibik, Bulent"]
[Result "1-0"]
[ECO "B12"]
[WhiteElo "2076"]
[BlackElo "1473"]
[Annotator "NA"]
[PlyCount "61"]
[EventDate "2022.03.25"]
[EventType "swiss"]
[EventCountry "TUR"]
[SourceTitle "playchess.com"]
[Source "ChessBase"]
[SourceQuality "1"]
[TimeControl "5400+30"]

1. e4 c6 2. d4 d5 3. e5 Bf5 4. h4 h6 5. g4 Bh7 6. e6 fxe6 7. Bd3 Be4 8. f3 Bxd3 9. Qxd3 Qd6 10. f4 Na6 11. Qg6+ Kd7 12. Nf3 e5 13. Nxe5+ Kc7 14. Qd3 Qb4+ 15. Nc3 Nf6 16. Bd2 Qb6 17. O-O-O e6 18. g5 Ne4 19. Nxe4 dxe4 20. Qxe4 Re8 21. Ng6 Rg8 22. Nxf8 Rgxf8 23. Qe5+ Kc8 24. Qxg7 h5 25. Rhe1 Nc7 26. Re5 Qxd4 27. Be3 Qa4 28. Rd7 Nd5 29. Rxb7 c5 30. Rxd5 Qc6 31. Rxc5 1-0

[Event "Turkish Cup 2022"]
[Site "Sakarya"]
[Date "2022.03.25"]
[Round "1.29"]
[White "Seker, Kutsal"]
[Black "Baltaci, Ismail Tarik"]
[Result "0-1"]
[ECO "C36"]
[WhiteElo "1339"]
[BlackElo "2033"]
[Annotator "ChessBase"]
[PlyCount "52"]
[EventDate "2022.03.25"]
[EventType "swiss"]
[EventCountry "TUR"]
[SourceTitle "playchess.com"]
[Source "ChessBase"]
[SourceQuality "1"]
[TimeControl "5400+30"]

1. e4 e5 2. f4 exf4 3. Nf3 Nf6 4. Bc4 d5 5. exd5 Nxd5 6. O-O Be6 7. Qe2 Be7 8. d4 O-O 9. Bd3 Bf6 10. c4 Nb4 11. d5 Nxd3 12. dxe6 Nxc1 13. exf7+ Rxf7 14. Rxc1 Nc6 15. Nc3 Nd4 16. Qe4 Nxf3+ 17. Qxf3 c6 18. Rd1 Qb6+ 19. Kh1 Qxb2 20. Ne4 Qxa1 21. Rxa1 Bxa1 22. h3 Re7 23. Nd6 Re1+ 24. Kh2 Bd4 25. h4 Bg1+ 26. Kh3 Re3 0-1